Map: Abyssal Reef LE

Players

JiBwiZard

  • Race: Zerg Zerg
  • Spawn Location: 11:00

Yata - Winner!

  • Race: Zerg Zerg
  • League: Gold
  • Spawn Location: 5:00

VOD

Have the link to the VOD?

Description

Time

  • Played on: Sept. 9, 2017, 6:17 p.m.
  • Length: 11:42
Show
View Real Time Build Order
Export as new Build Order

JiBwiZard Zerg 

Build Orders: Hatch First, Zergling Baneling 

Get SALT Encoding   

  12  0:01  Drone  
  13  0:08  Drone  
  14  0:17  Overlord  
  14  0:23  Extractor  
  14  0:24  Drone  
  15  0:37  Drone x2  
  17  0:56  Hatchery  
  16  1:00  Drone  
  17  1:12  Spawning Pool  
  17  1:14  Drone  
  17  1:17  Extractor  
  16  1:20  Drone  
  17  1:26  Drone  
  18  1:34  Drone  
  19  1:40  Drone  
  20  1:50  Overlord  
  20  2:00  Queen  
  22  2:07  Zergling x2  
  23  2:10  Zergling x2  
  23  2:11  Queen  
  26  2:22  Drone x3  
  29  2:36  Drone x2  
  31  2:45  Drone x2  
  31  2:51  Metabolic Boost  
  33  2:53  Drone x2  
  35  3:07  Zergling x2  
  35  3:10  Baneling Nest  
  35  3:12  Zergling x2  
  36  3:31  Overlord x4  
  36  3:38  Extractor  
  36  3:39  Extractor  
  34  3:43  Roach Warren  
  34  3:44  Extractor  
  34  3:45  Zergling x8  
  36  4:00  Zergling x2  
  36  4:01  Zergling x14  
  44  4:13  Drone x2  
  46  4:19  Drone  
  46  4:20  Drone x2  
  46  4:23  Baneling x2  
  46  4:24  Baneling x7  
  49  4:29  Drone x4  
  53  4:44  Drone x2  
  55  4:51  Drone x2  
  57  4:56  Overlord x2  
  59  5:00  Roach  
  59  5:01  Roach  
  59  5:06  Drone x2  
  63  5:14  Drone x2  
  63  5:17  Roach  
  67  5:26  Drone  
  67  5:27  Drone  
  69  5:32  Lair  
  69  5:38  Evolution Chamber  
  69  5:39  Evolution Chamber  
  69  5:40  Roach x2  
  71  5:44  Roach  
  73  5:55  Roach x2  
  75  6:06  Roach x2  
  79  6:14  Queen  
  80  6:20  Roach, Hatchery  
  80  6:21  Overlord, Roach  
  80  6:22  Overlord  
  83  6:46  Roach x3  
  83  6:47  Roach x4  
  97  6:53  Hydralisk Den  
  96  7:01  Roach x5  
  98  7:11  Drone x2  
  100  7:18  Hatchery  
  99  7:23  Drone  
  99  7:26  Overlord x2  
  100  8:02  Roach  
  100  8:03  Roach x7  
  116  8:08  Overlord x3  
  114  8:36  Drone x8  
  122  8:43  Drone  
  122  8:44  Drone x3  
  126  8:48  Drone x2  
  126  8:51  Drone  
  129  8:55  Zerg Missile Weapons Level 1  
  129  8:57  Zerg Ground Armor Level 1  
  129  8:59  Muscular Augments  
  129  9:00  Glial Reconstitution  
  129  9:04  Drone x4  
  127  9:11  Roach x2  
  131  9:39  Extractor  
  131  9:40  Hydralisk  
  131  9:41  Extractor, Hydralisk x7  
  132  10:04  Roach x2  
  132  10:05  Roach x3  
  138  10:14  Hatchery  
  137  10:30  Roach  
  137  10:32  Overlord x5  
  139  10:50  Roach x2  
  139  10:51  Roach x4  
  151  11:03  Roach  
  151  11:04  Roach  
  155  11:16  Roach x2  
Show
View Real Time Build Order
Export as new Build Order

Yata Zerg - Winner!

Build Orders: Hatch First 

Get SALT Encoding   

  12  0:01  Drone  
  13  0:13  Overlord  
  13  0:19  Drone  
  14  0:31  Drone x2  
  14  0:35  Drone  
  17  0:55  Drone  
  17  0:56  Hatchery  
  17  1:01  Drone  
  18  1:09  Extractor  
  17  1:15  Spawning Pool  
  17  1:18  Drone  
  17  1:23  Drone  
  18  1:29  Drone  
  19  1:39  Overlord  
  19  1:50  Drone  
  20  2:01  Drone  
  20  2:05  Queen  
  23  2:08  Queen  
  23  2:12  Zergling x4  
  27  2:19  Drone  
  27  2:22  Drone  
  29  2:24  Metabolic Boost  
  29  2:29  Drone  
  30  2:33  Drone  
  30  2:36  Baneling Nest  
  30  2:40  Overlord  
  30  2:50  Spine Crawler, Zergling x2  
  30  3:00  Zergling x4  
  30  3:03  Overlord  
  32  3:06  Zergling x2  
  33  3:13  Evolution Chamber  
  33  3:16  Lair  
  33  3:18  Extractor  
  32  3:20  Zergling x2  
  32  3:33  Drone x3  
  32  3:34  Drone x2  
  37  3:38  Baneling  
  37  3:39  Baneling  
  37  4:05  Zerg Melee Weapons Level 1  
  37  4:17  Overlord  
  37  4:18  Overlord  
  37  4:30  Drone x4  
  37  4:31  Drone x5  
  44  4:32  Roach Warren  
  45  4:48  Zergling x2  
  45  4:49  Zergling x4  
  45  4:51  Hatchery  
  47  5:02  Pneumatized Carapace  
  47  5:06  Centrifical Hooks  
  47  5:13  Glial Reconstitution  
  47  5:21  Extractor  
  46  5:24  Extractor  
  46  5:26  Baneling x3  
  46  5:27  Baneling  
  46  5:28  Zergling x10  
  50  5:45  Queen  
  52  5:55  Roach x4  
  60  6:05  Zerg Ground Armor Level 1  
  59  6:13  Queen  
  59  6:14  Drone  
  59  6:15  Drone x3  
  59  6:18  Overlord x2  
  65  6:25  Overlord  
  65  6:41  Evolution Chamber  
  65  6:43  Roach  
  65  6:44  Roach x3  
  68  6:57  Roach, Zergling x2  
  68  6:58  Roach x2  
  72  7:19  Zerg Missile Weapons Level 1  
  72  7:21  Roach  
  72  7:22  Roach, Hatchery  
  76  7:28  Drone x2  
  76  7:29  Drone  
  78  7:32  Drone  
  79  7:38  Roach  
  81  7:54  Roach x4  
  85  8:03  Roach x3  
  88  8:07  Zerg Ground Armor Level 2  
  88  8:14  Overlord x2  
  88  8:27  Drone  
  90  8:36  Roach x4  
  90  8:37  Roach x3  
  104  8:51  Hatchery  
  104  8:54  Drone x2  
  104  8:55  Overlord x3  
  107  9:17  Drone x12  
  107  9:21  Overlord  
  116  9:41  Roach x6  
  116  9:42  Roach x2  
  132  9:56  Roach x4  
  132  9:57  Roach  
  134  10:11  Roach x5  
  144  10:15  Overlord x2  
  144  10:16  Overlord x3  
  144  10:27  Infestation Pit  
  143  10:29  Hydralisk Den  
  142  10:40  Roach x9  
  152  10:43  Overlord  
  152  10:54  Roach x5  
  152  10:55  Roach  
  164  11:01  Roach x4  
Tags
 
League
Gold
Matchup
ZvZ
Race
Zerg
Replay Pack
Pack 1
Spawn Locations
Cross Positions
Add a new tag
Caveats
  • Supply blocks, unpowered buildings, or Contaminate may cause inaccurate times.
  • Supply counts are checked every 10 seconds.